AoeStats
← TIMUR

Black Forest

513011663Analyzed
4v4 RM · 5d ago on Oct 11, 2026· 50m 12s· 8 players
Game mode
Random Map
Map size
Large (8 player)
Population
200
Speed
Normal
Resources
Standard
Victory
Conquest
Starting age
Dark Age
Ending age
Imperial Age
RankedLock teamsTeams togetherTeam positionsShared explorationLock speedFull tech treeHidden civsTurbo modeCheats
Victory
Defeat
🇷🇴 Persians · Romania
981
+11
🇳🇱 Mongols · Netherlands
956
+12
🇮🇳 Italians · India
901
+13
🇸🇪 Turks · Sweden
901
+23
vs
🇨🇴 Britons · Colombia
882
-14
🇹🇷 Burgundians · Türkiye
879
-13
🇹🇷 Turks · Türkiye
851
-12
🇹🇷 Vietnamese · Türkiye
814
-11
vdL
0:31 Loom
12:15 Feudal Age
12:48 Double-Bit Axe
16:11 Wheelbarrow
15:37 Horse Collar
18:20 Castle Age
20:24 Bow Saw
24:47 Caravan
25:36 Stone Mining
26:01 Fortified Wall
26:13 Heavy Plow
26:40 Gold Mining
28:42 Stone Shaft Mining
28:01 Fletching
32:53 Imperial Age
31:57 Town Watch
32:36 Ballistics
32:27 Masonry
32:15 Bodkin Arrow
32:21 Padded Archer Armor
34:09 Gold Shaft Mining
35:00 Chemistry
34:03 Bracer
34:19 Leather Archer Armor
33:57 Elite Mangudai
35:48 Conscription
36:12 Forging
36:12 Scale Barding Armor
37:31 Hand Cart
37:37 Murder Holes
38:21 Iron Casting
38:07 Chain Barding Armor
40:30 Parthian Tactics
40:11 Thumb Ring
41:49 Bloodlines
41:43 Husbandry
42:48 Light Cavalry
44:32 Blast Furnace
43:59 Hussar
Fantomen
5:35 Loom
12:00 Feudal Age
12:51 Double-Bit Axe
12:48 Horse Collar
19:43 Castle Age
19:06 Scale Barding Armor
22:41 Wheelbarrow
21:53 Town Watch
22:45 Bloodlines
22:36 Husbandry
23:15 Chain Barding Armor
31:06 Imperial Age
31:40 Ballistics
33:12 Hand Cart
32:58 Town Patrol
34:16 Artillery
41:39 Plate Barding Armor
41:16 Forging
40:57 Fletching
41:08 Padded Archer Armor
41:08 Scale Mail Armor
42:06 Coinage
45:11 Iron Casting
PaulSorin93
10:36 Feudal Age
11:03 Loom
15:09 Castle Age
13:57 Horse Collar
14:18 Double-Bit Axe
15:53 Heavy Plow
20:45 Town Watch
23:43 Wheelbarrow
23:35 Stone Mining
26:31 Hand Cart
27:11 Town Patrol
28:17 Caravan
29:27 Gold Mining
30:13 Stone Shaft Mining
29:54 Bow Saw
29:57 Scale Barding Armor
30:03 Forging
34:19 Imperial Age
32:20 Fervor
32:38 Chain Barding Armor
32:54 Iron Casting
32:22 Husbandry
32:37 Bloodlines
33:31 Gold Shaft Mining
33:25 Ballistics
33:01 Murder Holes
33:16 Masonry
32:57 Heated Shot
33:14 Scale Mail Armor
34:25 Elite War Elephant
35:26 Conscription
35:17 Citadels
35:43 Hoardings
36:05 Plate Barding Armor
36:35 Blast Furnace
38:17 Chain Mail Armor
39:31 Two-Man Saw
39:05 Crop Rotation
39:17 Devotion
41:23 Coinage
41:09 Guilds
43:10 Chemistry
42:41 Architecture
43:11 Banking
50:34 Faith
darkLord
0:29 Loom
12:05 Feudal Age
18:40 Castle Age
23:15 Wheelbarrow
23:26 Wheelbarrow
27:56 Double-Bit Axe
29:04 Horse Collar
30:19 Murder Holes
30:35 Fortified Wall
31:45 Forging
31:35 Scale Mail Armor
32:26 Fletching
32:36 Padded Archer Armor
35:45 Imperial Age
34:34 Squires
35:53 Iron Casting
35:33 Chain Mail Armor
36:03 Chain Mail Armor
37:46 Blast Furnace
37:28 Town Watch
38:30 Plate Mail Armor
40:52 Bodkin Arrow
42:02 Heavy Plow
42:51 Bracer
43:06 Leather Archer Armor
44:42 Silk Road
44:37 Arson
46:01 Ring Archer Armor
45:54 Ballistics
47:49 Caravan
TIMUR
5:17 Loom
10:01 Feudal Age
9:30 Double-Bit Axe
16:55 Castle Age
20:19 Bow Saw
20:02 Horse Collar
23:22 Cavalier
24:02 Husbandry
28:09 Imperial Age
25:51 Cavalier
26:31 Husbandry
26:39 Scale Barding Armor
26:44 Forging
26:56 Forging
28:14 Chain Barding Armor
28:19 Heavy Plow
29:02 Wheelbarrow
28:13 Town Watch
29:08 Iron Casting
29:01 Paladin
30:44 Conscription
32:08 Plate Barding Armor
31:59 Hand Cart
32:27 Gold Mining
37:32 Blast Furnace
36:23 Fletching
37:47 Chemistry
37:09 Ballistics
37:33 Burgundian Vineyards
37:00 Pikeman
37:41 Squires
37:27 Arson
37:45 Scale Mail Armor
39:34 Elite Skirmisher
40:58 Chain Mail Armor
43:00 Halberdier
44:08 Fortified Wall
44:09 Masonry
45:13 Plate Mail Armor
44:44 Bodkin Arrow
44:16 Imperial Skirmisher
45:11 Caravan
45:36 Light Cavalry
49:41 Flemish Revolution
yonissn26
14:36 Feudal Age
15:12 Horse Collar
15:22 Double-Bit Axe
17:37 Arson
18:01 Man-at-Arms
18:46 Padded Archer Armor
25:18 Scale Mail Armor
27:52 Forging
27:33 Fletching
33:28 Castle Age
37:17 Long Swordsman
37:58 Squires
41:34 Heavy Plow
41:49 Bow Saw
44:07 Chain Mail Armor
48:36 Elite Skirmisher
NOYAN
10:16 Feudal Age
17:04 Wheelbarrow
16:17 Double-Bit Axe
16:33 Gold Mining
16:32 Horse Collar
16:55 Stone Mining
19:13 Castle Age
17:35 Town Watch
26:54 Imperial Age
25:21 Bow Saw
29:22 Conscription
29:06 Artillery
31:35 Hand Cart
31:23 Heavy Plow
41:59 Two-Man Saw
42:00 Bloodlines
41:51 Husbandry
42:39 Caravan
42:49 Scale Barding Armor
42:54 Forging
MR. ROBOT
0:53 Loom
12:21 Feudal Age
13:14 Double-Bit Axe
20:44 Castle Age
20:23 Horse Collar
24:52 Gold Mining
26:58 Caravan
28:12 Bow Saw
28:12 Heavy Plow
28:55 Gold Shaft Mining
32:25 Imperial Age
31:01 Wheelbarrow
32:30 Stone Mining
32:47 Padded Archer Armor
32:37 Fletching
33:23 Coinage
33:20 Hand Cart
32:51 Town Watch
33:33 Ballistics
33:24 Masonry
32:55 Treadmill Crane
34:22 Chemistry
34:49 Two-Man Saw
35:19 Banking
34:59 Guilds
35:55 Yeomen
35:34 Elite Longbowman
36:36 Conscription
36:36 Town Patrol
37:14 Warwolf
38:00 Leather Archer Armor
37:42 Bodkin Arrow
37:49 Scale Mail Armor
38:00 Forging
40:26 Ring Archer Armor
39:56 Bracer
40:13 Chain Mail Armor
39:38 Pikeman
40:18 Squires
40:18 Halberdier
Connection lost

Rejoining the realm…

Still unreachable

The connection could not be restored.

Session expired

The server has moved on; the page needs a fresh start.